Map: Ruins of Endion

Players

NonANDRE

  • Race: Terran Terran
  • League: Gold
  • Spawn Location: 7:00

Fropez - Winner!

  • Race: Protoss Protoss
  • League: Silver
  • Spawn Location: 5:00

VOD

Have the link to the VOD?

Description

Time

  • Played on: June 2, 2016, 10:28 a.m.
  • Length: 24:55
Show
View Real Time Build Order
Export as new Build Order

NonANDRE Terran 

Build Orders: MMM Bio 

Get SALT Encoding   

  12  0:01  SCV  
  13  0:13  SCV  
  14  0:23  Supply Depot  
  14  0:25  SCV  
  15  0:45  SCV  
  15  0:46  Refinery  
  15  0:48  Barracks  
  16  0:57  SCV  
  17  1:09  SCV  
  18  1:21  SCV  
  19  1:27  Barracks  
  19  1:36  Barracks Reactor  
  19  1:37  Barracks  
  20  1:45  Orbital Command  
  19  1:57  Supply Depot  
  19  2:13  Marine x2  
  21  2:16  Barracks Tech Lab  
  21  2:20  SCV  
  22  2:26  Barracks Tech Lab  
  22  2:31  Marine x2  
  24  2:49  Bunker  
  24  2:50  Marine x2  
  24  2:51  Marauder  
  28  2:52  Marauder  
  28  2:56  SCV  
  31  2:59  Stimpack  
  31  3:23  Supply Depot  
  31  3:37  Refinery  
  31  3:40  SCV, Factory  
  31  3:44  Marine x2  
  31  3:45  Marauder x2  
  37  3:52  SCV  
  38  3:58  Supply Depot  
  38  4:04  SCV  
  39  4:13  Marine x2  
  39  4:16  SCV  
  37  4:20  Marauder x2  
  37  4:28  SCV  
  38  4:35  Marine x2  
  40  4:42  Starport  
  40  4:45  Marauder  
  42  4:48  Marauder  
  44  4:53  Marine x2  
  46  5:08  Bunker  
  46  5:20  Supply Depot  
  46  5:22  Command Center  
  46  5:23  SCV  
  46  5:24  Starport Tech Lab  
  46  5:27  Combat Shields  
  47  5:28  Concussive Shells  
  47  5:45  Marine  
  47  5:46  Marine  
  47  5:47  Marauder x2  
  53  5:52  Bunker  
  53  5:54  Bunker  
  53  5:59  Raven  
  55  6:17  Supply Depot  
  55  6:20  Engineering Bay  
  55  6:33  Marine x2  
  55  6:34  Marauder x2  
  61  7:02  Marine x2  
  61  7:03  Marauder x2, Missile Turret  
  67  7:15  Terran Infantry Weapons Level 1  
  61  7:27  Marine x2  
  61  7:28  Marauder x2  
  61  7:29  Orbital Command  
  57  7:45  Marine x2  
  57  7:49  Marauder  
  57  7:50  Marauder  
  63  7:55  Barracks  
  63  7:56  SCV  
  64  8:03  Factory Tech Lab  
  64  8:09  Missile Turret  
  64  8:15  SCV  
  65  8:21  Ghost Academy  
  65  8:25  Engineering Bay  
  65  8:27  SCV  
  65  8:28  Medivac  
  68  8:39  SCV  
  68  8:40  Marine x2  
  71  8:42  Marauder  
  71  8:44  Barracks Tech Lab  
  73  8:51  SCV  
  73  8:55  Terran Infantry Armor Level 1  
  74  8:57  Armory  
  74  9:09  Building Armor  
  74  9:10  Medivac  
  76  9:26  Supply Depot  
  76  9:27  Supply Depot  
  76  9:30  Marine x2  
  78  9:47  Marine x3  
  78  9:49  Terran Vehicle And Ship Armor Level 1  
  81  9:57  SCV  
  81  9:58  SCV  
  83  10:09  Supply Depot  
  83  10:10  SCV  
  84  10:21  Marine  
  84  10:22  Marine, SCV  
  84  10:23  Marauder  
  84  10:24  Marauder  
  91  10:43  Starport  
  91  10:55  Marine  
  91  10:56  Marine, Marauder x2  
  97  10:57  Viking  
  73  12:07  Marauder x2  
  73  12:08  Marine x2  
  77  12:10  Starport Reactor  
  77  12:11  Viking  
  77  12:12  Terran Ship Weapons Level 1  
  79  12:22  Bunker  
  79  12:25  Marine x2, Siege Tank  
  79  12:29  Marauder x2  
  80  12:32  Marauder  
  73  12:43  Marine x2  
  66  12:48  Viking  
  66  12:49  Viking  
  66  12:50  Marauder x2  
  65  12:53  Marauder  
  67  13:01  Marine x2  
  56  13:52  Orbital Command  
  56  15:06  Marine, Marauder x2  
  56  15:07  Marine, Command Center  
  61  15:08  Marauder  
  64  15:24  Bunker  
  64  15:28  Marauder  
  66  15:34  Bunker  
  40  16:43  Planetary Fortress  
  40  17:06  Siege Tank  
  40  17:07  Bunker  
  43  17:15  Viking x2  
  47  17:28  Marauder x2  
  51  17:30  Marine  
  51  17:31  Marine  
  53  17:38  Hi-Sec Auto Tracking  
  53  17:51  Viking x2  
  57  18:02  Orbital Command  
  57  18:07  Ghost  
  59  18:16  Refinery x2  
  59  18:40  Marine x5  
  64  18:59  Marine x2  
  68  19:09  Marine  
  67  19:10  Marine x2  
  65  19:17  Marine  
  66  19:27  Marine  
  66  19:28  Marine x2  
  66  19:29  Marine  
  70  19:35  Marine  
  71  19:45  Marine  
  72  19:47  SCV  
  73  19:58  SCV  
  73  19:59  SCV  
  75  20:00  SCV  
  76  20:11  SCV  
  76  20:12  SCV  
  78  20:21  Marine  
  78  20:22  Marine x4  
  78  20:24  SCV  
  68  20:36  SCV  
  68  20:39  Marine x2  
  68  20:40  Marine  
  72  20:43  Marauder x2  
  72  20:48  SCV  
  71  20:57  Marine x2  
  71  20:58  Marauder  
  75  21:04  Marauder x2  
  75  21:10  Terran Infantry Weapons Level 2  
  79  21:16  Terran Infantry Armor Level 2  
  79  21:20  Marauder  
  79  21:25  SCV  
  82  21:26  Marauder x2  
  82  21:27  Refinery  
  86  21:37  SCV  
  87  21:41  Marauder  
  88  21:49  SCV  
  89  21:56  Bunker  
  89  21:57  Barracks  
  89  22:01  SCV, Bunker  
  90  22:14  SCV  
  89  22:15  Missile Turret  
  89  22:16  Missile Turret  
  89  22:19  Viking x2  
  89  22:20  Viking  
  92  22:30  SCV  
  92  22:42  SCV  
  93  22:54  SCV  
  94  23:05  Viking x2  
  98  23:06  SCV  
  98  23:12  Marine  
  100  23:18  SCV  
  93  23:29  Marine  
  77  23:46  Marauder x2  
  77  23:47  Marine  
  75  23:50  Marine  
Show
View Real Time Build Order
Export as new Build Order

Fropez Protoss - Winner!

Build Orders:  

Get SALT Encoding   

  12  0:01  Probe (Chrono Boost)  
  13  0:16  Pylon  
  13  0:18  Probe (Chrono Boost)  
  14  0:29  Probe (Chrono Boost)  
  15  0:37  Gateway  
  15  0:39  Probe (Chrono Boost)  
  16  0:50  Probe (Chrono Boost), Assimilator  
  17  1:07  Probe (Chrono Boost)  
  18  1:17  Probe (Chrono Boost)  
  19  1:20  Pylon  
  19  1:28  Probe (Chrono Boost)  
  19  1:30  Assimilator  
  20  1:35  Pylon  
  20  1:38  Probe (Chrono Boost), Cybernetics Core  
  21  1:45  Pylon  
  21  1:49  Probe (Chrono Boost)  
  22  1:59  Probe (Chrono Boost)  
  23  2:05  Gateway  
  22  2:15  Mothership Core (Chrono Boost)  
  24  2:17  Warp Gate (Chrono Boost)  
  24  2:19  Stalker  
  26  2:34  Gateway  
  26  2:40  Probe (Chrono Boost)  
  27  2:49  Stalker  
  29  2:52  Stalker  
  32  2:58  Probe (Chrono Boost)  
  32  3:09  Probe  
  33  3:13  Twilight Council  
  33  3:21  Stalker  
  35  3:29  Stalker  
  35  3:31  Stalker  
  39  3:34  Probe  
  38  3:48  Pylon  
  38  4:00  Forge  
  38  4:03  Probe  
  38  4:05  Pylon  
  41  4:20  Blink (Chrono Boost)  
  41  4:22  Probe  
  40  4:34  Probe  
  40  4:35  Robotics Facility  
  41  4:46  Probe  
  41  4:48  Stalker x2  
  41  4:49  Protoss Ground Weapons Level 1 (Chrono Boost)  
  46  5:06  Probe  
  47  5:21  Nexus  
  47  5:23  Probe  
  47  5:24  Pylon  
  48  5:40  Probe  
  49  5:46  Observer  
  50  5:52  Probe  
  51  6:01  Gateway  
  51  6:04  Probe  
  51  6:07  Warp Prism  
  51  6:09  Pylon  
  54  6:17  Probe  
  55  6:20  Stalker x3  
  61  6:29  Probe  
  62  6:41  Probe  
  62  6:44  Protoss Ground Weapons Level 2 (Chrono Boost)  
  63  6:48  Pylon  
  63  6:49  Assimilator  
  63  6:52  Pylon  
  63  6:53  Sentry, Assimilator  
  63  6:54  Sentry x2  
  69  7:11  Immortal  
  65  7:29  Probe  
  63  7:30  Probe  
  65  7:38  Stalker x3  
  69  7:49  Probe  
  69  7:51  Probe  
  67  8:28  Probe  
  67  8:29  Probe  
  67  8:32  Immortal  
  71  8:40  Stalker x2  
  71  8:41  Stalker x2  
  79  8:47  Gateway  
  79  8:51  Probe  
  79  8:53  Probe  
  81  9:03  Photon Cannon  
  81  9:14  Probe  
  81  9:15  Probe  
  83  9:19  Zealot  
  83  9:20  Photon Cannon  
  85  9:26  Protoss Ground Weapons Level 3 (Chrono Boost)  
  85  9:31  Photon Cannon  
  85  9:32  Probe  
  85  9:34  Robotics Bay, Pylon, Probe  
  87  9:47  Pylon  
  87  10:07  Probe  
  87  10:08  Probe  
  89  10:24  Colossus  
  89  10:26  Extended Thermal Lance (Chrono Boost)  
  95  10:34  Stalker x3  
  95  10:35  Stalker x2  
  103  11:04  Stalker x3  
  103  11:05  Stalker x2  
  83  11:55  Stalker x2  
  83  11:56  Stalker x3  
  81  12:40  Stalker x4  
  81  12:41  Stalker  
  63  13:11  Stalker x4  
  63  13:12  Stalker  
  41  13:37  Stalker  
  41  13:38  Stalker x4  
  51  13:42  Nexus, Protoss Ground Armor Level 1  
  51  13:43  Assimilator  
  51  13:45  Assimilator  
  51  13:58  Colossus  
  51  14:22  Stalker x2  
  51  14:23  Stalker x2  
  55  14:35  Pylon  
  55  15:06  Stalker x4  
  63  15:08  Stalker  
  65  15:38  Stalker x3  
  70  15:49  Probe  
  71  16:01  Pylon, Probe  
  68  16:13  Probe  
  65  16:25  Probe  
  66  16:37  Probe  
  67  16:49  Probe  
  68  17:01  Probe  
  69  17:14  Probe  
  76  17:26  Probe  
  71  17:30  Dark Shrine  
  71  17:38  Probe  
  72  17:46  Nexus  
  72  17:49  Assimilator  
  72  17:51  Assimilator  
  72  17:55  Pylon  
  72  17:56  Zealot  
  74  18:20  Probe  
  75  18:31  Photon Cannon  
  75  18:40  Pylon  
  73  18:52  Dark Templar x3  
  79  19:23  Protoss Ground Armor Level 2  
  73  19:34  Dark Templar x5  
  83  19:50  Probe  
  83  19:52  Probe  
  85  20:01  Probe  
  85  20:04  Probe  
  85  20:06  Nexus  
  87  20:08  Assimilator  
  87  20:13  Assimilator, Dark Templar  
  87  20:14  Dark Templar x2  
  93  20:15  Pylon  
  82  20:48  Stalker x3  
  85  21:28  Probe  
  85  21:29  Pylon  
  85  21:30  Probe  
  87  21:44  Probe  
  87  21:46  Probe  
  89  22:16  Dark Templar x4  
  89  22:17  Dark Templar  
  99  22:24  Gateway  
  99  22:25  Gateway  
  99  22:26  Gateway  
  99  22:28  Warp Prism  
  95  22:48  Nexus  
  95  23:01  Probe  
  95  23:02  Probe x2  
  98  23:18  Stalker x5  
  108  23:22  Stalker x3  
  72  24:27  Stalker  
  72  24:28  Stalker x6  
  72  24:29  Stalker  
Tags
 
Composition
MMM Bio
Matchup
PvT
Replay Pack
All Mines
Spawn Locations
Close Positions
Add a new tag
Caveats
  • Supply blocks, unpowered buildings, or Contaminate may cause inaccurate times.
  • Supply counts are checked every 10 seconds.